 Dungeon Crawl Stone Soup version 0.29.1-15-g9cfb28693d (webtiles) character file.

Game seed: 14124105956889168563

2702 BlackCrag the Thaumaturge (level 9, -4/45 HPs)
             Began as a Deep Elf Earth Elementalist on Mar 8, 2023.
             Slain by a troll (13 damage)
             ... on level 7 of the Dungeon.
             The game lasted 00:38:28 (8375 turns).

BlackCrag the Thaumaturge (DEEE)                    Turns: 8375, Time: 00:38:28

Health: -4/45      AC:  5    Str:  5    XL:     9   Next: 38%
Magic:  22/26      EV: 12    Int: 25    God:
Gold:   348        SH:  5    Dex: 15    Spells: 17/30 levels left

rFire   . . .      SeeInvis .   j - +1 mace (protect)
rCold   . . .      Faith    .   x - +2 buckler {rPois}
rNeg    + . .      Spirit   .   A - +2 robe {rN+}
rPois   +          Reflect  .   (no helmet)
rElec   .          Harm     .   u - +0 cloak
rCorr   +          Rampage  .   (no gloves)
Will    .....                   (no boots)
Stlth   ++........              p - amulet of regeneration
HPRegen 0.95/turn               w - ring of resist corrosion
MPRegen 0.20/turn               (no ring)

@: no status effects
A: no striking features
a: no special abilities


You were on level 7 of the Dungeon.
You visited 2 branches of the dungeon, and saw 8 of its levels.

You collected 348 gold pieces.

Inventory:

Hand Weapons
 j - a +1 mace of protection (weapon)
Armour
 g - a scarf of repulsion
 u - a +0 cloak (worn)
 x - a +2 buckler of poison resistance (worn)
 A - a +2 robe of positive energy (worn)
Jewellery
 p - an amulet of regeneration (around neck)
 w - a ring of resist corrosion (left hand)
Wands
 r - a wand of roots (8)
 t - a wand of acid (11)
 D - a wand of mindburst (12)
 E - a wand of polymorph (7)
Scrolls
 a - a scroll of enchant armour {unknown}
 e - 3 scrolls of teleportation {unknown}
 h - a scroll of magic mapping {unknown}
 k - a scroll of vulnerability {unknown}
 s - a scroll of silence {unknown}
 y - 2 scrolls of noise {unknown}
 B - a scroll of torment {unknown}
 C - 3 scrolls of fear
Potions
 b - a potion of magic
 c - 2 potions of invisibility
 d - 2 potions of resistance {unknown}
 f - 3 potions of might
 i - 3 potions of brilliance
 l - a potion of degeneration {unknown}
 m - 2 potions of mutation {unknown}
 n - 6 potions of curing
 o - 5 potions of haste
 q - 2 potions of cancellation
 v - 2 potions of flight {unknown}
 z - 2 potions of heal wounds {unknown}


   Skills:
 + Level 0.1 Fighting
 + Level 2.6 Dodging
 + Level 3.3 Stealth
 * Level 11.0 Spellcasting
 * Level 5.6 Conjurations
 + Level 0.1 Hexes
 + Level 2.4 Transmutations
 * Level 9.2 Earth Magic
 + Level 0.6 Evocations


You had 17 spell levels left.
You knew the following spells:

 Your Spells              Type           Power      Damage    Failure   Level
a - Sandblast             Erth           100%       2d20      1%          1
b - Passwall              Tmut/Erth      35%        N/A       1%          2
c - Stone Arrow           Conj/Erth      100%       3d13      1%          3
d - Petrify               Tmut/Erth      43%        N/A       5%          4
e - Summon Guardian Gole  Hex/Summ       14%        N/A       19%         3

Your spell library contained the following spells:

 Spells                   Type           Power      Damage    Failure   Level
 Summon Small Mammal      Summ           52%        N/A       6%          1
 Call Canine Familiar     Summ           13%        N/A       19%         3
 Hailstorm                Conj/Ice       27%        3d7       19%         4
 Ice Form                 Ice/Tmut       19%        N/A       36%         4
 Lightning Bolt           Conj/Air       13%        1d27      45%         5
 Airstrike                Air            6%         2d(1-17)  52%         4
 Summon Lightning Spire   Summ/Air       13%        N/A       52%         4
 Simulacrum               Ice/Necr       6%         N/A       100%        6


Dungeon Overview and Level Annotations

Branches:
Dungeon (7/15)             Temple (1/1) D:6

Altars:
Ashenzari
Dithmenos
Gozag
Nemelex Xobeh
Okawaru
Qazlal
Trog
Uskayaw
Vehumet
Wu Jian
Yredelemnul
Zin
Lugonu

Portals:
Abyss: D:4


Message History

Casting: Stone Arrow (safe; 1% risk of failure)
Confirm with . or Enter, or press ? or * to list all spells.
Okay, then.
Casting: Stone Arrow (safe; 1% risk of failure)
Confirm with . or Enter, or press ? or * to list all spells.
Aiming: Stone Arrow (safe; 1% risk of failure)
Press: ? - help, Shift-Dir - straight line, f - electric eel
Aim: an electric eel (water, moderately wounded, 63% to hit)
The stone arrow misses the electric eel.
The electric eel shoots out a bolt of lightning at you!
The bolt of electricity hits you!
The electric eel shoots out a bolt of lightning at you!
The bolt of electricity hits you!
The electric eel shoots out a bolt of lightning at you!
The bolt of electricity hits the plant!
The plant begins to die.
The bolt of electricity hits you.
The electric eel shoots out a bolt of lightning at you!
The bolt of electricity hits the plant!
The bolt of electricity misses you.
The electric eel shoots out a bolt of lightning at you!
The bolt of electricity hits the plant!
The bolt of electricity hits you!
A nearby plant withers and dies.
There is a stone staircase leading up here.
You climb upwards.
There is a stone staircase leading down here.
You start resting.
Magic restored.
You start resting.
HP restored.
You climb downwards.
The troll bites you! The troll claws you. The troll barely misses you.
The troll bites you! The troll claws you. The troll claws you!
* * * LOW HITPOINT WARNING * * *
There is a stone staircase leading up, spattered with blood here.
Casting: Stone Arrow (safe; 1% risk of failure)
Confirm with . or Enter, or press ? or * to list all spells.
Aiming: Petrify (dangerous; 5% risk of failure)
Press: ? - help, Shift-Dir - straight line, f - troll
Aim: a troll (chance to affect: 67%)
The troll struggles to resist.
The troll bites you!
You die...

#..♣......#..####.####.
##..##.#..#.......####.
#..##.#..[............
##..##.##.#.#####.####.
##.............#####....
#.............##...##...
#........#...##♣.>.♣###.
###(...##.T##.##.......##.
........@÷....#.<.♣.)....
#.#.#..###.##.##.......##.
#.<............##♣.<.♣###.
#####..###.##.####...# #.
.................##### #.
#####.##.#.##.####.# #.
####.#.#### #.# #. #.....#
#.# #. ###.### #.# #.


You could see a troll.

Vanquished Creatures
  Sigmund (D:2)
  2 steam dragons
  Duvessa (D:4)
  2 water moccasins
  2 ice beasts
  An ogre (D:5)
  A centaur (D:7)
  2 bullfrogs (D:7)
  A gnoll sergeant (D:5)
  3 scorpions
  3 necrophages
  Dowan (D:4)
  4 wights (D:4)
  An electric eel (D:7)
  2 hounds
  A jelly (D:6)
  Crazy Yiuf (D:4)
  A gnoll bouda (D:6)
  5 iguanas
  9 orc wizards
  6 gnolls
  8 adders
  3 shadow imps
  A white imp (D:7)
  2 ufetubi (D:6)
  A worm (D:4)
  3 dart slugs
  19 orcs
  7 ball pythons
  4 endoplasms
  4 giant cockroaches
  4 goblins
  7 hobgoblins
  7 jackals
  5 quokkas
  11 bats
  4 frilled lizards
  14 kobolds
  4 rats
158 creatures vanquished.

Vanquished Creatures (others)
  2 demonic plants (D:6)
  6 plants
8 creatures vanquished.

Grand Total: 166 creatures vanquished

Notes
Turn   | Place    | Note
-------+----------+-------------------------------------------
     0 | D:1      | BlackCrag the Deep Elf Earth Elementalist began the quest
                  | for the Orb.
     0 | D:1      | Reached XP level 1. HP: 10/10 MP: 6/6
   193 | D:1      | You fall into a shaft and drop 1 floor!
   312 | D:2      | Reached XP level 2. HP: 15/15 MP: 5/8
   315 | D:2      | Learned a level 2 spell: Passwall
   773 | D:1      | Reached XP level 3. HP: 17/19 MP: 7/10
  1071 | D:1      | Learned a level 3 spell: Stone Arrow
  1259 | D:1      | Found a faded altar of an unknown god.
  1389 | D:2      | Noticed Sigmund
  1394 | D:2      | Killed Sigmund
  1395 | D:2      | Reached skill level 5 in Spellcasting
  1395 | D:2      | Reached skill level 5 in Earth Magic
  1395 | D:2      | Reached XP level 4. HP: 24/24 MP: 2/13
  1395 | D:2      | Reached XP level 5. HP: 28/28 MP: 2/15
  2211 | D:3      | Found a glowing silver altar of Zin.
  2360 | D:3      | Reached skill level 6 in Spellcasting
  2365 | D:3      | Learned a level 4 spell: Petrify
  3099 | D:4      | Reached XP level 6. HP: 32/32 MP: 10/17
  3176 | D:4      | Reached skill level 1 in Conjurations
  3300 | D:4      | Found a large runed translucent door.
  3300 | D:4      | Found a large runed translucent door.
  3310 | D:4      | Found a corrupted altar of Lugonu.
  3378 | D:4      | Found a broken altar of Ashenzari.
  3506 | D:4      | Noticed Dowan
  3506 | D:4      | Noticed Duvessa
  3532 | D:4      | Killed Duvessa
  3533 | D:4      | Reached skill level 7 in Spellcasting
  3604 | D:4      | Killed Dowan
  3605 | D:4      | Reached XP level 7. HP: 36/36 MP: 13/20
  3657 | D:4      | Found a runed translucent door.
  3658 | D:4      | Noticed Crazy Yiuf
  3665 | D:4      | Killed Crazy Yiuf
  3965 | D:4      | Reached skill level 8 in Spellcasting
  4212 | D:4      | Found a one-way gate to the infinite horrors of the Abyss.
  4830 | D:5      | Entered Level 5 of the Dungeon
  4892 | D:5      | Learned a level 3 spell: Summon Guardian Golem
  5302 | D:5      | Reached XP level 8. HP: 41/41 MP: 18/22
  5951 | D:5      | Reached skill level 9 in Spellcasting
  6006 | D:5      | Found a sparkling altar of Nemelex Xobeh.
  6884 | D:6      | Found an opulent altar of Gozag.
  6885 | D:6      | Found an ornate altar of the Wu Jian Council.
  7265 | D:6      | Found a staircase to the Ecumenical Temple.
  7287 | Temple   | Entered the Ecumenical Temple
  7465 | D:6      | Reached skill level 10 in Spellcasting
  7555 | D:6      | Identified the +1 scale mail of the Circus Animal {Rampage
                  | Will+ Str-4 Int+6}
  7855 | D:6      | Reached skill level 5 in Conjurations
  7855 | D:6      | Reached XP level 9. HP: 31/45 MP: 15/25
  8079 | D:7      | Noticed a troll
  8331 | D:7      | Reached skill level 11 in Spellcasting
  8375 | D:7      | Slain by a troll

Illustrated notes

Levels and vault maps discovered:
D:1:      sevenhm_arrival_forest_fort_large_4, layout_loops_ring,
          shapermc_ecumenical_altar_petra, minmay_misc_feat_rows
D:2:      layout_basic, grunt_ministairs_10, uniq_sigmund
D:3:      layout_basic, zin_statuary
D:4:      due_chaos_kobolds, layout_loops_cross, lemuel_tele_altar,
          item_on_display_a, uniq_crazy_yiuf_cottage, uniq_duvessa
D:5:      layout_basic, nemelex_dance_club_becter
D:6:      layout_loops_ring, mainiacjoe_overflow_divided_tiny,
          minmay_temple_entry_ruins, serial_demonic, serial_demonic_d,
          serial_demonic_c, serial_demonic_b, serial_demonic_f
D:7:      layout_basic, lemuel_zombie_altar_kikubaaqudgha,
          gammafunk_ghost_grave, serial_bayou_pond_b, grunt_ministairs_7,
          uniq_pikel
Temple:   nicolae_temple_superstar

Skill      XL: |  1  2  3  4  5  6  7  8  9 |
---------------+----------------------------+-----
Earth Magic    | 4 5 6 8 9 |  9.2
Spellcasting   | 5 6 7 8 10 11 | 11.0
Conjurations   | 1 3 5 |  5.6
Stealth        | 3 |  3.3
Transmutations | 2 |  2.4
Fighting       | |  0.1
Dodging        | |  2.6
Hexes          | |  0.1
Evocations     | |  0.6

Action                   |  1- 3 |  4- 6 |  7- 9 || total
-------------------------+-------+-------+-------++-------
Melee: Mace              |     2 |     1 |     1 ||     4
 Cast: Sandblast         |    54 |    21 |    27 ||   102
       Stone Arrow       |     1 |    33 |   110 ||   144
       Passwall          |     1 |    17 |    11 ||    29
       Petrify           |       |       |     6 ||     6
       Summon Guardian G |       |       |     2 ||     2
Evoke: Wand              |       |       |     4 ||     4
  Use: Scroll            |       |     4 |     5 ||     9
       Potion            |       |       |     2 ||     2
Armor: Robe              |     1 |     2 |     3 ||     6
Dodge: Dodged            |    15 |     4 |    22 ||    41
Block: Buckler           |       |       |     4 ||     4
